 Dungeon Crawl Stone Soup version 0.26-a0-30-g56b8cd3df0 (webtiles) character file.

Game seed: 524917307362857846, levelgen mode: deterministic

52875 Gwenloh the Markscentaur (level 14, 0/124 HPs)
             Began as a Centaur Gladiator on May 30, 2020.
             Was a Priest of Fedhas.
             Succumbed to an orange demon's poison
             ... on level 1 of the Orcish Mines on May 31, 2020.
             The game lasted 01:42:23 (21957 turns).

Gwenloh the Markscentaur (Centaur Gladiator)       Turns: 21957, Time: 01:42:27

Health: 0/124      AC: 12    Str: 25    XL:     14   Next: 28%
Magic:  17/22      EV: 10    Int: 10    God:    Fedhas [***...]
Gold:   1175       SH:  0    Dex: 16    Spells: 13/13 levels left

rFire    . . .     SeeInvis .   a - +4 quarterstaff (chaos)
rCold    + . .     Gourm    .   (shield currently unavailable)
rNeg     . . .     Faith    .   L - +2 robe of Pragmatism {Slay+4}
rPois    +         Spirit   .   u - +1 helmet {Int+3}
rElec    +         Reflect  .   P - +2 cloak {rPois}
rCorr    .         Harm     .   (no gloves)
MR       +....                  (no barding)
Stlth    ..........             J - amulet of the acrobat
HPRegen  0.30/turn              (no ring)
MPRegen  0.18/turn              x - ring of the Barnacle {rElec rPois rC+ Str+8 Stlth-}

@: lethally poisoned (0 -> -10), very quick
A: large, hooves 3, deformed body, speed 2, tough skin 3
a: Wall of Briars, Grow Ballistomycete, Renounce Religion


You were on level 1 of the Orcish Mines.
You worshipped Fedhas.
Fedhas was most pleased with you.
You were hungry.

You visited 4 branches of the dungeon, and saw 19 of its levels.

You collected 1175 gold pieces.

Inventory:

Hand Weapons
 a - a +4 quarterstaff of chaos (weapon)
 b - a +8 shortbow
 v - a +0 trident
Missiles
 d - 6 throwing nets
 i - 105 poisoned darts (quivered)
 r - 119 arrows
 G - 15 boomerangs
Armour
 u - a +1 helmet of intelligence (worn)
 L - the +2 robe of Pragmatism (worn) {Slay+4}
   (You found it on level 7 of the Dungeon)

   It affects your accuracy and damage with ranged weapons and melee attacks
   (+4).
 P - a +2 cloak of poison resistance (worn)
Jewellery
 s - an uncursed ring of resist corrosion
 x - the ring of the Barnacle (right hand) {rElec rPois rC+ Str+8 Stlth-}
   (You found it on level 2 of the Lair of Beasts)

   [ring of protection from cold]

   It affects your strength (+8).
   It protects you from cold.
   It insulates you from electricity.
   It protects you from poison.
   It makes you less stealthy.
 J - an amulet of the acrobat (around neck)
 M - an uncursed amulet of guardian spirit
 V - an uncursed amulet of reflection
Wands
 c - a wand of paralysis (7)
 h - a wand of random effects (8)
 j - a wand of disintegration (17)
 E - a wand of iceblast (10)
 N - a wand of acid (23)
 R - a wand of polymorph (14)
 S - a wand of flame (11)
Scrolls
 k - 7 scrolls of teleportation
 o - 5 scrolls of magic mapping
 t - 4 scrolls of remove curse
 y - 3 scrolls of immolation
 A - a scroll of fear {unknown}
 B - a scroll of noise {unknown}
 C - 5 scrolls of amnesia
 F - 2 scrolls of blinking
 I - 2 scrolls of enchant armour
 K - a scroll of fog {unknown}
Potions
 e - 7 potions of heal wounds
 g - a potion of invisibility {unknown}
 l - 4 potions of curing {unknown}
 m - 7 potions of stabbing {unknown}
 p - 2 potions of haste {unknown}
 q - 5 potions of brilliance {unknown}
 w - 2 potions of mutation {unknown}
 z - 2 potions of degeneration {unknown}
 D - 7 potions of might {unknown}
 H - 4 potions of flight {unknown}
 O - a potion of resistance
 T - a potion of magic {unknown}
Comestibles
 f - 32 rations


   Skills:
 + Level 11.3 Fighting
 * Level 8.4 Polearms
 * Level 17.5 Bows
 - Level 2.1 Throwing
 + Level 8.6 Armour
 - Level 2.1 Dodging
 + Level 11.8 Invocations


You had 13 spell levels left.
You didn't know any spells.
Your spell library contained the following spells:

 Spells                   Type           Power        Failure   Level  Hunger
 Beastly Appendage        Tmut           #.....       36%         1    ##.....
 Magic Dart               Conj           #...         36%         1    ##.....
 Summon Small Mammal      Summ           #...         36%         1    ##.....
 Blink                    Tloc           N/A          50%         2    ###....
 Call Imp                 Summ           #.......     50%         2    ###....
 Corpse Rot               Necr/Air       N/A          50%         2    ###....
 Searing Ray              Conj           #.....       50%         2    ###....
 Slow                     Hex            #.......     50%         2    ###....
 Sticks to Snakes         Tmut           #.......     50%         2    ###....
 Sublimation of Blood     Necr           #.........   50%         2    ###....
 Call Canine Familiar     Summ           #.......     75%         3    ####...
 Conjure Flame            Conj/Fire      #.......     75%         3    ####...
 Dazzling Flash           Conj/Hex       #.....       75%         3    ####...
 Mephitic Cloud           Conj/Pois/Air  #.......     75%         3    ####...
 Spider Form              Tmut/Pois      #.........   75%         3    ####...
 Summon Guardian Golem    Hex/Summ       #.......     75%         3    ####...
 Dispel Undead            Necr           #.......     98%         4    #####..
 Fulminant Prism          Conj/Hex       #.........   98%         4    #####..
 Ice Form                 Ice/Tmut       #.......     98%         4    #####..
 Iskenderun's Mystic Bla  Conj/Tloc      #.......     98%         4    #####..
 Summon Ice Beast         Ice/Summ       #.......     98%         4    #####..
 Summon Lightning Spire   Summ/Air       #.......     98%         4    #####..
 Agony                    Necr           #.......     100%        5    ######.
 Blade Hands              Tmut           #.........   100%        5    ######.
 Excruciating Wounds      Chrm/Necr      #.........   100%        5    ######.


Dungeon Overview and Level Annotations

Branches:
Dungeon (10/15)            Temple (1/1) D:5            Lair (6/6) D:9
  Swamp (0/4) Lair:2       Spider (0/4) Lair:3        Slime (0/5) Lair:5
    Orc (2/2) D:10            Elf (0/3) Orc:2

Altars:
Ashenzari
Cheibriados
Dithmenos
Elyvilon
Fedhas
Gozag
Hepliaklqana
Kikubaaqudgha
Makhleb
Nemelex Xobeh
Okawaru
Qazlal
Ru
Sif Muna
Trog
Uskayaw
Vehumet
Wu Jian
Xom
Yredelemnul
Zin
The Shining One
Jiyva

Shops:
D:7 [

Annotations:
D:3 2 transporters, Lauz's ghost, amateur DgCj
D:4 1 runed translucent door, Dirian's ghost, novice MiFi
Lair:2 2 runed translucent doors, vurker's ghost, journeyman DECj
Lair:4 3 runed translucent doors, Hiceoc's ghost, journeyman FeBe; vurker's ghost, journeyman DECj
Lair:5 1 runed translucent door


Innate Abilities, Weirdness & Mutations

You have hooves in place of feet.
Armour fits poorly on your strangely shaped body.
You cover ground very quickly.
You have extremely tough skin. (AC +3)


Message History

* * * LOW HITPOINT WARNING * * *
The orc hits your ballistomycete with a +0 flail.
The orc priest barely misses you. The orange demon stings you from afar.
* * * LOW HITPOINT WARNING * * *
You are poisoned.
The orange demon poisons you!
The orc sorcerer hits you but does no damage.
Something hits you!
* * * LOW HITPOINT WARNING * * *
Something freezes you! You resist.
* * * LOW HITPOINT WARNING * * *
The orc hits your briar patch but does no damage.
The orange demon closely misses you.
The orc warrior is struck by your briar patch's thorns.
The orc warrior hits your briar patch with a +0 mace.
You climb upwards.
Your summoned allies are left behind.
Reactivating autopickup.
The orange demon disappears in a puff of smoke! x2
You die...
Fedhas appreciates your contribution to the ecosystem.

##....#..#######.#..#.
##.#..#....##.#.......#
#.^........#[..........
##......#.....#.......#
#.......#.....##.......
##.#...#...............
###..).#...........#...
##..)...[...............
#...).o@[..#............
##..[.[.)..#...........#
##......[...[............
##.#.#............#......#
##..................#......
#...................#.....#
##.................###...##
#..................#....#
##................#....##


You could see an orc sorcerer (strong).

Vanquished Creatures
  Kirke (Lair:5)
  A dire elephant (Lair:6)
  Snorg (D:10)
  Erolcha (D:9)
  2 hydras (Lair:5)
  A catoblepas (Lair:6)
  3 two-headed ogres
  A deep troll shaman (Lair:6)
  A queen ant (D:10)
  10 death yaks
  An orc high priest (Orc:1)
  Pikel (D:8)
  2 orc sorcerers (Orc:1)
  14 elephants
  Maurice (D:8)
  2 torpor snails (Lair:5)
  7 spiny frogs
  4 komodo dragons
  9 polar bears
  A troll (D:10)
  4 jumping spiders (Lair:3)
  A hornet (D:10)
  4 hippogriffs
  27 blink frogs
  3 hogs (Lair:5)
  A human (D:8)
  3 redbacks
  26 yaks
  A wyvern (Lair:1)
  2 basilisks
  2 hungry ghosts (D:10)
  19 soldier ants
  10 porcupines
  11 water moccasins
  7 orc warriors
  2 black bears
  2 ice beasts (D:8)
  3 sky beasts
  4 phantoms
  5 ogres
  13 wolves
  8 centaurs
  7 crocodiles
  14 bullfrogs
  5 scorpions
  2 troll zombies (D:10)
  4 killer bees (D:9)
  4 wights (D:10)
  A howler monkey (D:4)
  An electric eel (Lair:2)
  A lava snake (Lair:2)
  7 crimson imps
  A centaur zombie (D:6)
  2 centaur skeletons
  3 quasits
  Crazy Yiuf (D:2)
  A bullfrog zombie (D:6)
  4 hounds
  2 jellies
  9 orc priests
  15 orc wizards
  2 bullfrog skeletons (D:8)
  An iguana (D:9)
  27 worker ants
  A killer bee zombie (D:6)
  4 ogre zombies (D:10)
  2 worker ant zombies (D:6)
  12 adders
  A howler monkey skeleton (D:6)
  A river rat (Lair:2)
  An ooze (D:1)
  3 adder skeletons
  2 adder zombies (D:6)
  3 worms
  2 dart slugs
  5 leopard geckos
  41 orcs
  3 ball pythons
  7 bats
  8 giant cockroaches
  4 goblins
  7 hobgoblins
  9 jackals
  6 quokkas
  3 frilled lizards
  2 goblin skeletons (D:10)
  A goblin zombie (D:10)
  4 hobgoblin skeletons (D:10)
  A jackal skeleton (D:4)
  A jackal zombie (D:6)
  7 kobolds
  A leopard gecko skeleton (D:6)
  A leopard gecko zombie (D:5)
  An orc skeleton (D:10)
  11 orc zombies (D:10)
  A quokka skeleton (D:6)
  A quokka zombie (D:6)
  8 rats
  A toadstool (D:1)
502 creatures vanquished.

Vanquished Creatures (collateral kills)
  2 elephants (Lair:5)
  A black mamba (Lair:5)
  A yak (D:9)
  A hog (Lair:5)
  2 soldier ants (D:10)
  A porcupine (Lair:2)
  6 wolves
  A crocodile (Lair:1)
  2 killer bees (D:9)
  An orc priest (D:10)
  An orc wizard (Orc:1)
  A worker ant (D:10)
  An adder (D:9)
  5 orcs
  17 ballistomycete spores
43 creatures vanquished.

Vanquished Creatures (others)
  A komodo dragon (Lair:5)
  2 slaves (D:8)
  A hound (D:8)
  2 jellies
  An orc wizard (D:8)
  An orc priest (D:8)
  3 orcs
  A ballistomycete spore (Lair:5)
  12 bushes
  7 fungi
  12 plants
  3 toadstools (D:1)
  6 withered plants (Lair:4)
52 creatures vanquished.

Grand Total: 597 creatures vanquished

Notes
Turn   | Place    | Note
-------+----------+-------------------------------------------
     0 | D:1      | Gwenloh the Centaur Gladiator began the quest for the Orb.
     0 | D:1      | Reached XP level 1. HP: 17/17 MP: 1/1
    83 | D:1      | Reached XP level 2. HP: 16/24 MP: 2/2
   693 | D:1      | Reached XP level 3. HP: 30/30 MP: 3/3
  1031 | D:2      | Found a runed translucent door.
  1036 | D:2      | Noticed Crazy Yiuf
  1130 | D:2      | Reached skill level 1 in Armour
  1334 | D:2      | Found a snail-covered altar of Cheibriados.
  1363 | D:2      | Found a hazy altar of Hepliaklqana.
  1408 | D:2      | Reached XP level 4. HP: 31/37 MP: 4/4
  2251 | D:2      | Killed Crazy Yiuf
  2514 | D:3      | Reached XP level 5. HP: 45/45 MP: 5/5
  2593 | D:3      | Found a transporter.
  2861 | D:3      | Noticed Lauz's ghost (amateur DgCj)
  2873 | D:3      | Found a transporter.
  3071 | D:4      | Reached XP level 6. HP: 51/51 MP: 6/6
  3247 | D:4      | Reached skill level 5 in Polearms
  3677 | D:4      | Found a runed translucent door.
  3686 | D:4      | Noticed Dirian's ghost (novice MiFi)
  3985 | D:5      | Entered Level 5 of the Dungeon
  3990 | D:5      | Reached XP level 7. HP: 55/59 MP: 7/7
  4180 | D:5      | Found a staircase to the Ecumenical Temple.
  4189 | Temple   | Entered the Ecumenical Temple
  4400 | Temple   | Became a worshipper of Fedhas Madash
  5053 | D:5      | Reached skill level 1 in Bows
  5233 | D:5      | Reached * piety under Fedhas
  5416 | D:5      | Reached skill level 5 in Fighting
  5416 | D:5      | Reached skill level 2 in Bows
  5416 | D:5      | Reached XP level 8. HP: 44/68 MP: 8/8
  5884 | D:6      | Reached skill level 3 in Bows
  6017 | D:6      | Reached skill level 4 in Bows
  6540 | D:6      | Reached skill level 5 in Bows
  6863 | D:7      | Reached ** piety under Fedhas
  6942 | D:7      | Got a ripped robe
  7006 | D:7      | Reached skill level 6 in Bows
  7029 | D:7      | Found a sacrificial altar of Ru.
  7243 | D:7      | Found Erieschaw's Antique Armour Emporium.
  7255 | D:7      | Got a scorched broad axe
  7256 | D:7      | Identified the cursed +3 broad axe "Oxtavem" {vorpal, Str+4
                  | Int-2 Dex+2} (You found it on level 7 of the Dungeon)
  7308 | D:7      | Identified the +2 robe of Pragmatism {Slay+4} (You found it
                  | on level 7 of the Dungeon)
  7390 | D:8      | Noticed Pikel
  7472 | D:8      | Reached skill level 7 in Bows
  7472 | D:8      | Reached XP level 9. HP: 56/75 MP: 9/9
  7844 | D:8      | Reached skill level 8 in Bows
  7891 | D:8      | Killed Pikel
  7891 | D:8      | Reached skill level 9 in Bows
  7945 | D:8      | Reached skill level 5 in Armour
  8165 | D:8      | Found a basalt altar of Yredelemnul.
  8212 | D:8      | Noticed Maurice
  8222 | D:8      | Killed Maurice
  8222 | D:8      | Reached skill level 10 in Bows
  8484 | D:9      | Reached XP level 10. HP: 86/86 MP: 10/10
  8508 | D:9      | Noticed a two-headed ogre
  8527 | D:9      | Killed a two-headed ogre
  8597 | D:9      | Reached skill level 11 in Bows
  8993 | D:9      | Reached *** piety under Fedhas
  8999 | D:9      | Found a staircase to the Lair.
  9013 | D:9      | Reached skill level 12 in Bows
  9060 | D:9      | Noticed Erolcha
  9277 | D:9      | Paralysed by Erolcha for 7 turns
  9303 | D:9      | Killed Erolcha
  9576 | Lair:1   | Entered Level 1 of the Lair of Beasts
  9579 | Lair:1   | Noticed a spiny frog
  9587 | Lair:1   | Killed a spiny frog
  9847 | Lair:1   | Reached XP level 11. HP: 95/95 MP: 11/11
  9852 | Lair:1   | Reached skill level 13 in Bows
  9962 | Lair:1   | Got an ivory hand axe
  9963 | Lair:1   | Identified the cursed +2 hand axe of Vaphaos {flame, Str+9
                  | Int+4 Dex-4} (You found it on level 1 of the Lair of
                  | Beasts)
 11876 | Lair:2   | Reached skill level 14 in Bows
 11965 | Lair:2   | Found a staircase to the Swamp.
 12264 | Lair:2   | Got a scintillating lead ring
 12275 | Lair:2   | Found a large runed translucent door.
 12280 | Lair:2   | Found a large runed translucent door.
 12284 | Lair:2   | Noticed vurker's ghost (journeyman DECj)
 12520 | Lair:2   | Identified the ring of the Barnacle {rElec rPois rC+ Str+8
                  | Stlth-} (You found it on level 2 of the Lair of Beasts)
 12812 | Lair:3   | Reached **** piety under Fedhas
 12936 | Lair:3   | Reached skill level 10 in Fighting
 12936 | Lair:3   | Reached skill level 15 in Bows
 13131 | Lair:3   | Reached XP level 12. HP: 106/106 MP: 12/12
 13281 | Lair:3   | Found a hole to the Spider Nest.
 14296 | Lair:4   | Noticed a death yak
 14300 | Lair:4   | Noticed a death yak
 14301 | Lair:4   | Noticed a death yak
 14303 | Lair:4   | Noticed a death yak
 14499 | Lair:4   | Reached skill level 16 in Bows
 14588 | Lair:4   | Found a runed translucent gate.
 14589 | Lair:4   | Found a runed translucent gate.
 14590 | Lair:4   | Found a runed translucent gate.
 14595 | Lair:4   | Noticed vurker's ghost (journeyman DECj)
 14595 | Lair:4   | Noticed Hiceoc's ghost (journeyman FeBe)
 14720 | Lair:4   | Noticed a death yak
 14731 | Lair:4   | Noticed a death yak
 14838 | Lair:4   | Reached skill level 1 in Invocations
 15139 | Lair:4   | Killed a death yak
 15146 | Lair:4   | Killed a death yak
 15198 | Lair:4   | Killed a death yak
 15198 | Lair:4   | Reached skill level 5 in Invocations
 15259 | Lair:4   | Killed a death yak
 15275 | Lair:4   | Killed a death yak
 15687 | Lair:5   | Found a runed translucent door.
 15687 | Lair:5   | Found a viscous altar of Jiyva.
 15691 | Lair:5   | Found a staircase to the Slime Pits.
 15726 | Lair:5   | Noticed a seven-headed hydra
 16251 | Lair:5   | Noticed Kirke
 16387 | Lair:5   | Killed a seven-headed hydra
 16445 | Lair:5   | Noticed a six-headed hydra
 16455 | Lair:5   | Killed a six-headed hydra
 16455 | Lair:5   | Reached XP level 13. HP: 114/114 MP: 12/19
 16810 | Lair:5   | Killed Kirke
 16810 | Lair:5   | Reached skill level 10 in Invocations
 17233 | Lair:6   | Entered Level 6 of the Lair of Beasts
 17623 | Lair:6   | Got a bloodstained chain mail
 17659 | Lair:6   | Identified the cursed +0 chain mail of Ethics {rElec} (You
                  | found it on level 6 of the Lair of Beasts)
 18924 | Lair:6   | Noticed a dire elephant
 18946 | Lair:6   | Killed a dire elephant
 18987 | Lair:6   | Reached skill level 17 in Bows
 19406 | D:10     | Entered Level 10 of the Dungeon
 19828 | D:10     | Found a staircase to the Orcish Mines.
 19899 | D:10     | Reached XP level 14. HP: 124/124 MP: 22/22
 19948 | D:10     | Noticed Snorg
 19985 | D:10     | Killed Snorg
 21101 | Orc:1    | Entered Level 1 of the Orcish Mines
 21516 | Orc:2    | Entered Level 2 of the Orcish Mines
 21538 | Orc:2    | Found a staircase to the Elven Halls.
 21956 | Orc:2    | HP: 2/124 [something (10)]
 21957 | Orc:1    | Succumbed to an orange demon's poison

Illustrated notes

Levels and vault maps discovered:
D:1:      ldierk_water_garden, layout_loops_ring, minmay_indecisive_spiral
D:2:      layout_basic, lemuel_coloured_pillars_altar, cheibriados_altar_1,
          uniq_crazy_yiuf_cottage
D:3:      layout_loops_ring, gammafunk_ghost_stat_death,
          minmay_misc_feat_four_crosses
D:4:      minmay_general_purpose_star, layout_rooms,
          hellmonk_ghost_happy_afterlife, first_ration
D:5:      layout_gridville, minmay_temple_entry_wispy
D:6:      layout_basic, serial_undead, serial_undead_d, serial_undead_e,
          serial_undead_f, serial_undead_f
D:7:      layout_rooms, basic_altar, serial_shops, shop
D:8:      layout_rooms, grunt_pizzeria, yredelemnul_altar_generic, uniq_pikel,
          uniq_maurice
D:9:      layout_rooms, david_lair_shrubbed, chequers_avenue, uniq_erolcha
D:10:     layout_loops_ring, zombieorc1_lemuel, minmay_misc_feat_cross,
          minivault_29, uniq_snorg
Temple:   roderic_octagonal_lattice_temple
Lair:1:   layout_regular_city
Lair:2:   layout_gridlike, swamp_mist_pool, ebering_ghost_disaster_area,
          st_stairs_11, nicolae_lair_grove_arrangements, pond,
          serial_bayou_shore_b
Lair:3:   layout_cave_pods, nicolae_spider_entry_tight_spaces, lemuel_fruit_tree
Lair:4:   layout_regular_city, gammafunk_ghost_cemetery, beast_lair_carwin_6,
          grunt_megastairs_3
Lair:5:   layout_hall_layers, slime_altar_2, columned_hall_lemuel,
          minmay_hedge_maze, minmay_lair_oklob_chamber, uniq_kirke
Lair:6:   grunt_lair_end_beastmaster, layout_gridlike
Orc:1:    layout_caves, gammafunk_ghost_cemetery, nicolae_orc_lava_room
Orc:2:    grunt_orc_community_town_hall, layout_caves,
          grunt_orc_community_big_house_2, grunt_orc_community_big_house_2,
          grunt_orc_community_house_1, grunt_orc_community_house_1,
          grunt_orc_community_house_2, grunt_orc_community_house_1,
          grunt_orc_community_house_3, grunt_orc_community_house_3,
          lightli_orcish_oven

Skill      XL: |  1  2  3  4  5  6  7  8  9 10 11 12 13 14 |
---------------+-------------------------------------------+-----
Polearms       | 3 4 5 6 7 8 |  8.4
Armour         | 1 2 3 4 5 6 7 8 |  8.6
Fighting       | 3 4 5 6 7 8 10 11 | 11.3
Bows           | 2 7 10 12 15 16 17 | 17.5
Invocations    | 9 11 | 11.8
Throwing       | |  2.1
Dodging        | |  2.1

Action                   |  1- 3 |  4- 6 |  7- 9 | 10-12 | 13-15 || total
-------------------------+-------+-------+-------+-------+-------++-------
Melee: Trident           |   107 |    27 |       |       |       ||   134
       Kick              |     8 |    21 |    28 |    28 |    23 ||   108
       Quarterstaff      |       |    63 |   130 |    85 |    78 ||   356
       Broad axe         |       |       |     8 |       |       ||     8
 Fire: Shortbow          |       |       |   199 |   661 |   703 ||  1563
Throw: Throwing net      |     4 |       |       |       |       ||     4
       Dart              |    38 |    97 |    62 |    26 |     9 ||   232
Invok: Wall of Briars    |       |       |     2 |    24 |    25 ||    51
       Grow Ballistomyce |       |       |       |     3 |     6 ||     9
  Use: Scroll            |       |       |     5 |     5 |    10 ||    20
 Stab: Petrifying        |       |       |     1 |       |       ||     1
  Eat: Chunk             |     1 |     6 |    12 |    18 |    16 ||    53
       Ration            |       |       |       |     1 |       ||     1
Armor: Leather armour    |    33 |     5 |       |       |       ||    38
       Ring mail         |       |    22 |    76 |       |       ||    98
       Robe              |       |       |    12 |    67 |    52 ||   131
Dodge: Dodged            |    43 |    28 |    82 |   102 |    75 ||   330

Table legend:
 A = Non-vault XP
 B = Vault XP
 C = Vault XP percentage of total XP
 D = Non-vault monster count
 E = Vault monster count
 F = Vault count percentage of total count
                 A         B        C        D         E       F
            +---------+---------+-------+---------+---------+-------
      Total |   48190 |   27346 |  36.2 |     384 |     145 |  27.4
            +---------+---------+-------+---------+---------+-------
        D:1 |      36 |       7 |  16.3 |      20 |       4 |  16.7
        D:2 |      87 |      44 |  33.6 |      27 |       1 |   3.6
        D:3 |     107 |       0 |   0.0 |      16 |       0 |   0.0
        D:4 |     394 |      35 |   8.2 |      12 |       2 |  14.3
        D:5 |     790 |       0 |   0.0 |      29 |       0 |   0.0
        D:6 |     500 |     133 |  21.0 |      14 |      11 |  44.0
        D:7 |     654 |       0 |   0.0 |      14 |       0 |   0.0
        D:8 |    1456 |    1284 |  46.9 |      28 |       3 |   9.7
        D:9 |    3101 |    1394 |  31.0 |      30 |       2 |   6.2
       D:10 |    5192 |    6253 |  54.6 |      35 |      69 |  66.3
     Lair:1 |    2547 |     858 |  25.2 |      13 |       7 |  35.0
     Lair:2 |    3341 |     310 |   8.5 |      17 |       3 |  15.0
     Lair:3 |    6173 |    1644 |  21.0 |      27 |       6 |  18.2
     Lair:4 |    6365 |    2368 |  27.1 |      17 |       9 |  34.6
     Lair:5 |    8186 |    3154 |  27.8 |      25 |       7 |  21.9
     Lair:6 |    6393 |    9856 |  60.7 |      28 |      19 |  40.4
      Orc:1 |    2452 |       0 |   0.0 |      15 |       0 |   0.0
      Orc:2 |     416 |       6 |   1.4 |      17 |       2 |  10.5
            +---------+---------+-------+---------+---------+-------
